 Dungeon Crawl Stone Soup version 0.29.1-1-gd02db6906a (webtiles) character file.

Game seed: 16534413914854466770

72 bronzecobra64 the Insei (level 3, -10/28 HPs)
             Began as a Demigod Transmuter on Oct 6, 2022.
             Killed by divine providence
             ... invoked by an orc priest
              (11 damage)
             ... on level 3 of the Dungeon.
             The game lasted 00:10:31 (2399 turns).

bronzecobra64 the Insei (Demigod Transmuter)        Turns: 2399, Time: 00:10:31

Health: -10/28     AC:  5    Str: 11    XL:     3   Next: 80%
Magic:  17/17      EV: 12    Int: 19    God:
Gold:   65         SH:  0    Dex: 14    Spells: 5/6 levels left

rFire   . . .      SeeInvis .   d - +2 dagger (flame)
rCold   . . .      Faith    .   (no shield)
rNeg    . . .      Spirit   .   n - +0 leather armour
rPois   .          Reflect  .   (no helmet)
rElec   .          Harm     .   (no cloak)
rCorr   .          Rampage  .   (no gloves)
Will    .....                   g - +1 pair of boots
Stlth   +.........              (no amulet)
HPRegen 0.09/turn               p - ring of magical power
MPRegen 0.15/turn               f - ring of flight

@: flying
A: high MP 1, forlorn, divine attributes
a: no special abilities


You were on level 3 of the Dungeon.
You visited 1 branch of the dungeon, and saw 3 of its levels.

You collected 65 gold pieces.

Inventory:

Hand Weapons
 d - a +2 dagger of flaming (weapon)
Missiles
 l - 5 poisoned darts
Armour
 a - a +0 robe
 g - a +1 pair of boots (worn)
 n - a +0 leather armour (worn)
Jewellery
 e - a ring of see invisible
 f - a ring of flight (right hand)
 p - a ring of magical power (left hand)
Scrolls
 c - a scroll of brand weapon {unknown}
 h - 2 scrolls of enchant weapon {unknown}
 i - 2 scrolls of teleportation {unknown}
 k - 3 scrolls of identify {unknown}
 o - 2 scrolls of fear {unknown}
 q - a scroll of blinking {unknown}
Potions
 b - a potion of lignification
 j - 2 potions of flight {unknown}
 m - 2 potions of curing {unknown}


   Skills:
 + Level 1.1 Fighting
 + Level 1.0 Short Blades
 + Level 0.1 Armour
 + Level 2.6 Dodging
 + Level 0.1 Stealth
 + Level 3.3 Unarmed Combat
 + Level 2.1 Spellcasting
 + Level 1.9 Transmutations


You had 5 spell levels left.
You knew the following spells:

 Your Spells              Type           Power      Damage    Failure   Level
a - Beastly Appendage     Tmut           18%        N/A       10%         1

Your spell library contained the following spells:

 Spells                   Type           Power      Damage    Failure   Level
 Wereblood                Tmut           9%         N/A       16%         2
 Spider Form              Tmut/Pois      5%         N/A       41%         3
 Ice Form                 Ice/Tmut       5%         N/A       82%         4


Dungeon Overview and Level Annotations

Branches:
Dungeon (3/15)


Innate Abilities, Weirdness & Mutations

You have an increased reservoir of magic. (+10% MP)
You shall have no god before yourself.
Your divine heritage dramatically boosts your attributes as you level up.


Message History

The orc priest casts a cantrip, but nothing happens.
An orc comes into view. It is wielding a +0 flail.
Found 11 gold pieces.
The orc shouts!
The orc priest miscasts a cantrip. x2
Unknown command.
Casting: Beastly Appendage (safe; 10% risk of failure)
Confirm with . or Enter, or press ? or * to list all spells.
You don't know that spell.
Unknown command.
Unknown command.
The orc priest calls down the wrath of Beogh upon you.
Beogh smites you!
Ouch! That really hurt!
The orc priest looks satisfied for a moment.
The orc hits you with a +0 flail.
You hit the orc. You burn the orc.
The orc is moderately wounded.
The orc barely misses you.
You barely miss the orc.
The orc is moderately wounded.
You hit the orc priest. You burn the orc priest.
The orc priest is moderately wounded.
You hit the orc priest. You burn the orc priest.
The orc priest is severely wounded.
The orc priest calls upon Beogh to heal the orc priest.
The orc priest is healed somewhat.
The orc closely misses you.
The orc priest hits you but does no damage.
You hit the orc priest. You burn the orc priest.
The orc priest is heavily wounded.
The orc hits you with a +0 flail.
* * * LOW HITPOINT WARNING * * *
The orc priest hits you with a +0 dagger.
* * * LOW HITPOINT WARNING * * *
The orc priest attacks as you move away!
The orc priest hits you with a +0 dagger.
* * * LOW HITPOINT WARNING * * *
The orc priest invokes the aid of Beogh against you.
Beogh smites you!
You die...

#.#...).# ...# ## ..#†#.### #...
### ###. .. ##.)#.#### #...
..####... #. .........# #.## #...
#.. ##.## . .>.......# #.# #..
... ...# . .........# #.# #.# #.#
..##. .........###.####.# #.#
####.#.. .................o####.#
#......#
...†............@.oo.<.###.##..##
...........########.>...##.##..##
...........# #.###.##.##....
.........### #.# #....###.#.
.........# #o# ##.### #.##
........## #.####..####.##
........# #o.............
........# #..<##########.#
..[.....# .[....... ####.#


You could see 2 orc priests and an orc.

Vanquished Creatures
  A gnoll (D:1)
  An adder (D:3)
  A worm (D:3)
  4 dart slugs
  2 endoplasms (D:1)
  7 goblins
  5 hobgoblins
  A quokka (D:2)
  5 ball pythons
  2 bats
  6 kobolds
  7 rats
42 creatures vanquished.

Notes
Turn   | Place    | Note
-------+----------+-------------------------------------------
     0 | D:1      | bronzecobra64 the Demigod Transmuter began the quest for
                  | the Orb.
     0 | D:1      | Reached XP level 1. HP: 15/15 MP: 5/5
   651 | D:1      | Reached XP level 2. HP: 19/22 MP: 7/7
   836 | D:1      | Reached skill level 3 in Unarmed Combat
   927 | D:1      | Reached skill level 1 in Fighting
  1325 | D:2      | Reached XP level 3. HP: 28/28 MP: 8/8
  1516 | D:2      | Reached skill level 1 in Short Blades
  2399 | D:3      | HP: 1/28 [orc priest/+0 dagger (3)]
  2399 | D:3      | Killed from afar by an orc priest

Illustrated notes

Levels and vault maps discovered:
D:1:      amcnicky_arrival_gap_in_the_tavern_cellar, layout_loops_ring,
          minmay_misc_feat_nine_boxes, nicolae_figureground_sparkle
D:2:      layout_loops_ring, corexii_hall_statues_l
D:3:      layout_rooms

Skill      XL: |  1  2  3 |
---------------+----------+-----
Spellcasting   | 2 |  2.1
Unarmed Combat | 3 |  3.3
Fighting       | 1 |  1.1
Dodging        | 2 |  2.6
Short Blades   | 1 |  1.0
Armour         | |  0.1
Stealth        | |  0.1
Transmutations | |  1.9

Action                   || total
-------------------------++-------
Melee: Dagger            ||   118
       Unarmed           ||     4
Armor: Robe              ||    14
       Leather armour    ||    11
Dodge: Dodged            ||    75
